 Dungeon Crawl Stone Soup version 0.23-a0-8-gb809bb70e4 (webtiles) character file.

205853 MirrMurr the Unseen (level 18, -14/95 HPs)
             Began as a Spriggan Enchanter on July 30, 2018.
             Was the Champion of Okawaru.
             Killed from afar by a nagaraja (21 damage)
             ... with an orb of energy
             ... on level 3 of the Snake Pit on Aug 1, 2018.
             The game lasted 02:43:26 (50083 turns).

MirrMurr the Unseen (Spriggan Enchanter)           Turns: 50083, Time: 02:43:27

Health: -14/95     AC: 19    Str: 10      XL:     18   Next: 5%
Magic:  27/33      EV: 28    Int: 17 (19) God:    Okawaru [******]
Gold:   1218       SH:  8    Dex: 14      Spells: 8/37 levels left

rFire    . . .     SeeInvis +   a - +9 quick blade
rCold    . . .     Gourm    .   h - +1 buckler {AC+3}
rNeg     . . .     Faith    .   W - +1 troll leather armour
rPois    +         Spirit   .   U - +2 hat
rElec    .         Reflect  .   V - +2 cloak {rPois}
rCorr    .         Harm     .   (gloves unavailable)
MR       +++..                  (boots unavailable)
Stlth    +++++++...             Z - amulet of regeneration
HPRegen  1.05/turn              Q - +5 ring of protection
MPRegen  0.23/turn              O - +2 ring of slaying

@: lethally poisoned (-14 -> -15), very quick
A: very small, unfitting armour, see invisible, clumsy 1, deterioration 1,
herbivore, speed 3, slow metabolism 2
}: 1/15 runes: decaying
a: Heroism, Finesse, Renounce Religion


You were on level 3 of the Snake Pit.
You worshipped Okawaru.
Okawaru was exalted by your worship.
You were not hungry.

You visited 5 branches of the dungeon, and saw 30 of its levels.
You also visited: Bailey.

You collected 2991 gold pieces.
You spent 1773 gold pieces at shops.

Inventory:

Hand Weapons
 a - a +9 quick blade (weapon)
 b - the +10 hunting sling of Pief Resm {velocity, rElec rN++}
   (You found it on level 5 of the Dungeon)

   Any stone fired from it inflicts extra damage.
   It insulates you from electricity.
   It greatly protects you from negative energy.
 q - a +6 blowgun
 w - a +2 scimitar of flaming
Missiles
 d - 495 stones
 o - 29 tomahawks
 y - 3 needles of confusion
 C - a throwing net (quivered) {!f}
 I - 176 sling bullets
 K - 7 curare-tipped needles
 L - 120 poisoned needles
Armour
 h - a +1 buckler of protection (worn)
 U - a +2 hat (worn)
 V - a +2 cloak of poison resistance (worn)
 W - a +1 troll leather armour (worn)
Jewellery
 p - an uncursed ring of flight
 F - an uncursed ring of resist corrosion
 G - an uncursed ring of protection from magic
 O - a +2 ring of slaying (right hand)
 Q - a +5 ring of protection (left hand)
 Z - an amulet of regeneration (around neck)
Wands
 s - a wand of iceblast (27)
 x - a wand of digging (56)
 E - a wand of paralysis (15)
 P - a wand of acid (21)
 R - a wand of clouds (3)
Scrolls
 e - a scroll of blinking
 i - 2 scrolls of identify
 n - a scroll of enchant weapon
 r - 14 scrolls of remove curse
 u - 14 scrolls of teleportation
 v - 9 scrolls of magic mapping
 N - 8 scrolls of fog
 Y - 3 scrolls of fear
Potions
 f - 2 potions of magic
 g - 3 potions of might
 j - 19 potions of curing
 k - 3 potions of invisibility
 l - 2 potions of lignification
 m - 5 potions of ambrosia
 t - 4 potions of heal wounds
 z - 2 potions of resistance
 A - a potion of mutation
 B - 2 potions of berserk rage
 D - 5 potions of brilliance
 H - 4 potions of flight
 J - 4 potions of haste
 M - 4 potions of agility
 S - 2 potions of cancellation
Miscellaneous
 X - a sack of spiders
Comestibles
 c - 54 rations


   Skills:
 + Level 10.4 Fighting
 - Level 10.0 Short Blades
 - Level 12.0 Slings
 + Level 4.7 Armour
 - Level 15.2 Dodging
 + Level 20.4 Stealth
 - Level 7.2 Shields
 - Level 10.0 Spellcasting
 + Level 12.7 Hexes
 * Level 7.9 Summonings
 - Level 6.0 Translocations
 - Level 1.2 Ice Magic
 - Level 10.0 Invocations


You had 8 spell levels left.
You knew the following spells:

 Your Spells              Type           Power        Failure   Level  Hunger
a - Ensorcelled Hibernat  Hex/Ice        ####..       1%          2    None
b - Confuse               Hex            ######..     1%          3    None
c - Tukima's Dance        Hex            ######..     1%          3    None
d - Dazzling Spray        Conj/Hex       ####..       2%          3    None
f - Summon Butterflies    Summ           #####...     1%          1    None
h - Summon Lightning Spi  Summ/Air       ###.....     22%         4    ###....
i - Invisibility          Hex            ######..     9%          6    ######.
j - Summon Ice Beast      Ice/Summ       ###.....     17%         4    ###....
A - Apportation           Tloc           ####..       1%          1    None
P - Passwall              Tmut/Erth      #.......     17%         2    None

Your spell library contained the following spells:

 Spells                   Type           Power        Failure   Level  Hunger
 Magic Dart               Conj           #...         11%         1    None
 Bolt of Magma            Conj/Fire/Erth #.........   97%         5    #####..
 Summon Small Mammal      Summ           ####         1%          1    None
 Iskenderun's Mystic Bla  Conj           #.......     73%         4    ###....
 Sticky Flame             Conj/Fire      #.......     73%         4    ###....
 Call Imp                 Summ           #####...     1%          2    None
 Regeneration             Chrm/Necr      #.........   32%         3    None
 Stone Arrow              Conj/Erth      #.....       32%         3    None
 Confusing Touch          Hex            ######       1%          1    None
 Call Canine Familiar     Summ           #####...     1%          3    None
 Metabolic Englaciation   Hex/Ice        ####......   17%         5    #####..
 Corona                   Hex            ######.      1%          1    None
 Alistair's Intoxication  Tmut/Pois      #.......     97%         5    #####..
 Lee's Rapid Deconstruct  Erth           #.........   97%         5    #####..
 Sandblast                Erth           #.....       11%         1    None
 Petrify                  Tmut/Erth      #.......     73%         4    ###....
 Shroud of Golubria       Chrm/Tloc      ###.......   4%          2    None
 Fulminant Prism          Conj/Hex       ####......   9%          4    ###....
 Force Lance              Conj/Tloc      ###.....     32%         4    ###....
 Infusion                 Chrm           #...         11%         1    None
 Song of Slaying          Chrm           #.......     17%         2    None
 Spectral Weapon          Hex/Chrm       ####....     2%          3    None
 Searing Ray              Conj           #.....       17%         2    None
 Summon Guardian Golem    Hex/Summ       #####...     1%          3    None
 Gell's Gravitas          Tloc           ####......   2%          3    None
 Yara's Violent Unravell  Hex/Tmut       ####......   22%         5    #####..
 Lesser Beckoning         Tloc           ####......   2%          3    None


Dungeon Overview and Level Annotations

Branches:
Dungeon (15/15)            Temple (0/1) D:7            Lair (6/6) D:9
  Swamp (4/4) Lair:3        Snake (3/4) Lair:2        Slime (0/5) Lair:5
    Orc (2/2) D:12            Elf (0/3) Orc:2        Vaults (0/5) D:14
 Depths (0/5) D:15

Altars:
Ashenzari
Cheibriados
Elyvilon
Gozag
Hepliaklqana
Nemelex Xobeh
Okawaru
Sif Muna
Trog
Uskayaw
Vehumet
Yredelemnul
Beogh
Jiyva

Shops:
D:4 ?   D:5 ?   D:6 ?   D:7 (   D:10 *   D:11 *?*   D:15 (   Orc:1 *
Orc:2 %(}=%   Snake:1 (*

Annotations:
Swamp:3 exclusion: downstairs, Roxanne


Innate Abilities, Weirdness & Mutations

You are very small and have problems with some larger weapons.
You are too small for most types of armour.
You have supernaturally acute eyesight. (SInv)
You are a herbivore.
You cover ground extremely quickly.
You need to consume almost no food.
You are clumsy. (Dex -2)
Your body sometimes deteriorates upon taking damage.


Message History

Confirm with . or Enter, or press ? or * to list all spells.
Aiming: Tukima's Dance (safe; 1% risk of failure)
Press: ? - help, Shift-Dir - straight line, f/p - nagaraja
Aim: a nagaraja, wielding a spear and wearing a robe (severely wounded, fast, catching its breath, chance to defeat MR: 2%)
The nagaraja resists with almost no effort.
You feel sick.
The nagaraja hits you from afar with a spear!!
* * * LOW HITPOINT WARNING * * *
The nagaraja hits you but does no damage.
You feel sick.
You feel sick.
You feel sick.
You feel sick.
You feel sick.
You feel sick.
You feel sick.
You feel sick. The nagaraja casts a spell at you. The orb of energy hits you!
You die...

##### .....### #...##
#....## ##.>..<##
#.....).## ##...))..##
#..#...#..##
###.....##@.## #####
#.##)#..###..##
#...####..#.).####..##
.......##..#.#.####..##
.?.).....#.#..#..###..##
#.#.......##.####.##...##
....##....#### ###(..(N.#
......##.###.###.##.....##
....#.####
#..##.......(N##


You could see a nagaraja.

Vanquished Creatures
  Asterion (Snake:2)
  The ghost of Rudiyha the Executioner, an adept MiBe of Trog (Snake:1)
  Agnes (D:15)
  A thorn hunter (Swamp:2)
  Kirke (D:15)
  Aizul (Snake:1)
  Louise (D:15)
  4 very ugly things (Swamp:4)
  The ghost of omil the Fighter, a journeyman DrWz of Okawaru (Lair:6)
  Nessos (Lair:5)
  Snorg (Orc:2)
  2 green deaths (Swamp:4)
  2 death oozes (Swamp:4)
  The ghost of Mirvelgyr the Executioner, a journeyman MiBe of Trog (D:13)
  A fire dragon (Lair:6)
  A great orb of eyes (D:13)
  3 ogre magi (D:13)
  A catoblepas (Lair:6)
  19 hydras
  7 naga warriors
  3 centaur warriors
  A hell beast (Swamp:4)
  4 vault guards (D:14)
  2 ghost crabs
  Erica (Orc:1)
  8 anacondas
  8 two-headed ogres
  14 alligators
  4 shock serpents
  4 orc high priests (Orc:2)
  A tengu warrior (D:15)
  9 naga sharpshooters
  A deep elf knight (D:14)
  3 hell knights (D:13)
  Sonja (D:14)
  5 unseen horrors
  2 spriggan druids
  13 swamp dragons
  4 naga ritualists
  7 orc knights
  3 wizards
  Pikel (D:7)
  A lindwurm (Lair:6)
  2 wolf spiders (D:15)
  A shambling mangrove (Swamp:2)
  A wolf spider zombie (D:15)
  3 necromancers (D:13)
  4 orc sorcerers (Orc:2)
  3 deep elf magi (D:13)
  7 mana vipers
  A cyclops (D:15)
  10 ugly things
  2 salamanders
  6 oklob plants
  3 manticores
  11 elephants (Lair:6)
  2 guardian serpents (Snake:1)
  8 naga magi
  4 gargoyles
  A torpor snail (Lair:2)
  3 molten gargoyles (Lair:6)
  4 orange demons
  10 spiny frogs
  22 black mambas
  2 rust devils (D:13)
  3 kobold demonologists
  3 rime drakes
  12 komodo dragons
  A tengu conjurer (D:14)
  2 ice devils (Lair:3)
  11 trolls
  2 queen bees
  3 meliai
  Prince Ribbit (D:5)
  35 slime creatures
  11 tyrant leeches
  4 hornets
  11 bog bodies
  14 blink frogs
  11 hippogriffs
  A centaur simulacrum (D:14)
  Sigmund (D:3)
  A spriggan (Swamp:4)
  5 shadows
  A redback (shapeshifter) (D:15)
  48 yaks
  5 hogs (D:15)
  4 wyverns
  A steam dragon (D:13)
  4 basilisks
  A human (D:14)
  3 wraiths
  A hungry ghost (D:14)
  17 vampire mosquitoes
  3 wargs (Orc:1)
  Menkaure (D:5)
  29 nagas
  12 swamp worms
  A two-headed ogre zombie (D:12)
  7 insubstantial wisps
  2 acid dragons
  13 water moccasins
  11 hell hounds
  7 porcupines
  3 black bears
  4 swamp drakes
  3 phantoms
  A slave (D:7)
  6 sky beasts
  26 orc warriors
  5 ice beasts
  5 necrophages (Swamp:1)
  8 ogres
  8 centaurs
  3 wolves (D:9)
  15 crocodiles
  Blork the orc (D:5)
  16 bullfrogs
  A water moccasin zombie (D:6)
  6 scorpions
  A troll zombie (D:12)
  19 wights
  52 killer bees
  4 howler monkeys
  13 electric eels
  4 jellies
  5 centaur zombies
  8 crimson imps
  5 lava snakes (Lair:6)
  3 centaur skeletons
  17 orc priests
  2 bullfrog zombies
  11 hounds
  5 bullfrog skeletons
  5 iguanas
  23 orc wizards
  9 worker ants
  A killer bee zombie (D:5)
  6 ogre zombies (D:12)
  3 hound zombies
  2 hound skeletons (D:5)
  A howler monkey zombie (D:9)
  Robin (D:3)
  19 gnolls
  A worker ant zombie (D:9)
  11 adders
  2 shadow imps
  An ooze (D:3)
  An adder skeleton (D:6)
  4 worms
  2 dart slugs
  4 leopard geckos
  73 orcs
  A bat skeleton (D:2)
  2 giant cockroaches (D:2)
  21 goblins
  22 hobgoblins
  3 jackals (D:1)
  8 kobolds
  8 quokkas
  A ball python (D:1)
  4 bats
  9 frilled lizards
  A giant cockroach zombie (D:5)
  A goblin skeleton (D:12)
  3 goblin zombies (D:12)
  A hobgoblin skeleton (D:12)
  2 hobgoblin zombies (D:12)
  A jackal zombie (D:5)
  2 orc skeletons (D:12)
  16 orc zombies (D:12)
  2 rats
  A plant (Lair:4)
1102 creatures vanquished.

Vanquished Creatures (collateral kills)
  Rupert (Snake:1)
  A naga warrior (Snake:1)
  A hell knight (D:13)
  An orc knight (Orc:2)
  2 nagas (Snake:2)
  2 orc warriors
  2 gnolls (D:5)
  An orc (Bailey)
  2 goblins (Bailey)
13 creatures vanquished.

Vanquished Creatures (others)
  A salamander mystic (Snake:2)
  8 dancing weapons
  2 humans (D:15)
  A centaur (D:11)
  2 killer bees (D:9)
  An orc priest (Orc:2)
  An adder (D:9)
  4 goblins (D:7)
  4 fungi (Lair:6)
  3 plants (Lair:4)
27 creatures vanquished.

Grand Total: 1142 creatures vanquished

Notes
Turn   | Place    | Note
-------+----------+-------------------------------------------
     0 | D:1      | MirrMurr the Spriggan Enchanter began the quest for the Orb.
     0 | D:1      | Reached XP level 1. HP: 9/9 MP: 5/5
   535 | D:1      | Reached XP level 2. HP: 13/13 MP: 6/6
   544 | D:1      | Learned a level 2 spell: Ensorcelled Hibernation
  1271 | D:2      | Reached skill level 5 in Stealth
  1413 | D:2      | Reached XP level 3. HP: 16/16 MP: 1/8
  1430 | D:2      | Learned a level 3 spell: Confuse
  2421 | D:2      | Reached XP level 4. HP: 21/21 MP: 2/9
  2657 | D:2      | Reached skill level 6 in Stealth
  2923 | D:3      | Found a faded altar of an unknown god.
  2965 | D:3      | Found an opulent altar of Gozag.
  3114 | D:3      | Found a hazy altar of Hepliaklqana.
  3318 | D:3      | Reached XP level 5. HP: 15/24 MP: 0/10
  3730 | D:3      | Learned a level 3 spell: Tukima's Dance
  3972 | D:3      | Noticed Robin
  4281 | D:3      | Killed Robin
  4423 | D:3      | Noticed Sigmund
  4431 | D:3      | Killed Sigmund
  4431 | D:3      | Reached skill level 5 in Short Blades
  4431 | D:3      | Reached skill level 7 in Stealth
  4431 | D:3      | Reached XP level 6. HP: 28/28 MP: 11/11
  4636 | D:4      | Reached skill level 8 in Stealth
  5512 | D:4      | Found Wyimahudd's Magic Scroll Shop.
  5530 | D:4      | Bought a scroll of blinking for 90 gold pieces
  5530 | D:4      | Bought a scroll of identify for 24 gold pieces
  5636 | D:4      | Reached XP level 7. HP: 13/32 MP: 2/12
  6234 | D:5      | Entered Level 5 of the Dungeon
  6373 | D:5      | Found an iron altar of Okawaru.
  6374 | D:5      | Found a sparkling altar of Nemelex Xobeh.
  6376 | D:5      | Found a hide-covered altar of Uskayaw.
  6377 | D:5      | Found a shattered altar of Ashenzari.
  6377 | D:5      | Found a deep blue altar of Sif Muna.
  6378 | D:5      | Found a radiant altar of Vehumet.
  6378 | D:5      | Found a basalt altar of Yredelemnul.
  6379 | D:5      | Found a bloodstained altar of Trog.
  6381 | D:5      | Became a worshipper of Warmaster Okawaru
  6384 | D:5      | Reached skill level 5 in Hexes
  6553 | D:5      | Noticed Menkaure
  6559 | D:5      | Killed Menkaure
  6802 | D:5      | Found a snail-covered altar of Cheibriados.
  7122 | D:5      | Reached * piety under Okawaru
  7426 | D:5      | Noticed Prince Ribbit
  7437 | D:5      | Killed Prince Ribbit
  7437 | D:5      | Reached XP level 8. HP: 36/36 MP: 8/15
  7523 | D:5      | Noticed Blork the orc
  7527 | D:5      | Killed Blork the orc
  7541 | D:5      | Reached skill level 1 in Fighting
  7770 | D:5      | Found Rosivywk's Magic Scroll Emporium.
  7773 | D:5      | Bought a scroll of teleportation for 39 gold pieces
  8192 | D:5      | Reached ** piety under Okawaru
  8249 | D:5      | Reached skill level 5 in Dodging
  8859 | D:5      | Noticed an unseen horror
  8861 | D:5      | Killed an unseen horror
  8861 | D:5      | Reached *** piety under Okawaru
  8861 | D:5      | Reached XP level 9. HP: 44/44 MP: 16/16
  9004 | D:5      | Got a smoking hunting sling
  9007 | D:5      | Identified the +10 hunting sling of Pief Resm {velocity, rElec rN++} (You found it on level 5 of the Dungeon)
  9008 | D:5      | @> woooooooooooooooooooooooooooooooooooooooow
  9422 | D:6      | Found Iribilerghas's Magic Scroll Shop.
  9464 | D:6      | Reached skill level 9 in Stealth
  9930 | D:6      | Reached skill level 10 in Stealth
 10406 | D:7      | Found a staircase to the Ecumenical Temple.
 10432 | D:7      | Found Toyczigyxyu's Weapon Boutique.
 10592 | D:7      | Noticed Pikel
 10646 | D:7      | Killed Pikel
 10646 | D:7      | Reached skill level 11 in Stealth
 10926 | D:7      | Reached XP level 10. HP: 49/49 MP: 17/17
 11164 | D:7      | Found a flagged portal.
 11171 | Bailey   | Entered a bailey
 11282 | Bailey   | Found an iron altar of Okawaru.
 11282 | Bailey   | Noticed an orc knight
 11319 | Bailey   | Reached **** piety under Okawaru
 11319 | Bailey   | Reached skill level 12 in Stealth
 11677 | Bailey   | Killed an orc knight
 11677 | Bailey   | Reached skill level 10 in Dodging
 11761 | Bailey   | Noticed an orc knight
 11853 | Bailey   | Killed an orc knight
 12552 | Bailey   | Reached ***** piety under Okawaru
 12552 | Bailey   | Reached skill level 5 in Spellcasting
 13015 | D:8      | Learned a level 3 spell: Dazzling Spray
 13017 | D:8      | Learned a level 1 spell: Apportation
 13068 | D:8      | Reached skill level 13 in Stealth
 13090 | D:8      | Found a white marble altar of Elyvilon.
 14294 | D:9      | Reached skill level 1 in Slings
 14294 | D:9      | Reached XP level 11. HP: 53/53 MP: 17/20
 14437 | D:9      | Noticed a two-headed ogre
 14456 | D:9      | Killed a two-headed ogre
 14456 | D:9      | Received a gift from Okawaru
 14456 | D:9      | Reached skill level 1 in Invocations
 15169 | D:9      | Found a staircase to the Lair.
 15448 | D:9      | Noticed a two-headed ogre
 15478 | D:9      | Killed a two-headed ogre
 15628 | D:10     | Entered Level 10 of the Dungeon
 15823 | D:10     | Learned a level 1 spell: Summon Butterflies
 15830 | D:10     | Learned a level 6 spell: Invisibility
 15909 | D:10     | Reached ****** piety under Okawaru
 17088 | D:10     | Received a gift from Okawaru
 17100 | D:10     | Noticed a two-headed ogre
 17103 | D:10     | Noticed a two-headed ogre
 17123 | D:10     | Killed a two-headed ogre
 17133 | D:10     | Killed a two-headed ogre
 17305 | D:10     | Found Asekhlih's General Store.
 17351 | D:10     | Reached skill level 10 in Hexes
 17669 | Lair:1   | Entered Level 1 of the Lair of Beasts
 17783 | Lair:1   | Reached skill level 5 in Fighting
 17783 | Lair:1   | Reached skill level 14 in Stealth
 18223 | Lair:1   | Reached XP level 12. HP: 60/60 MP: 22/22
 18807 | Lair:2   | Found a staircase to the Snake Pit.
 18945 | Lair:2   | Noticed a six-headed hydra
 18952 | Lair:2   | Killed a six-headed hydra
 18984 | Lair:2   | Noticed a six-headed hydra
 19009 | Lair:2   | Killed a six-headed hydra
 19072 | Lair:2   | Received a gift from Okawaru
 19913 | Lair:3   | Found a shattered altar of Ashenzari.
 19981 | Lair:3   | Reached skill level 5 in Slings
 20008 | Lair:3   | Found a frozen archway.
 20033 | Lair:3   | Reached skill level 10 in Short Blades
 20226 | Lair:3   | Identified Sif Muna's Papyrus of Fire
 20378 | Lair:3   | Found a staircase to the Swamp.
 20389 | Lair:3   | Reached skill level 1 in Shields
 21268 | Lair:3   | Reached skill level 5 in Invocations
 21645 | Lair:3   | Reached skill level 15 in Stealth
 22178 | Lair:4   | Received a gift from Okawaru
 22275 | Lair:4   | Reached XP level 13. HP: 65/65 MP: 23/23
 22530 | Lair:4   | Reached skill level 15 in Dodging
 23971 | Lair:5   | Noticed Nessos
 24046 | Lair:5   | Killed Nessos
 24068 | Lair:5   | Found a viscous altar of Jiyva.
 24135 | Lair:5   | Found a staircase to the Slime Pits.
 24801 | Lair:6   | Entered Level 6 of the Lair of Beasts
 25079 | Lair:6   | Received a gift from Okawaru
 25212 | Lair:6   | Found a runed gate.
 25243 | Lair:6   | Received a gift from Okawaru
 25243 | Lair:6   | Reached skill level 5 in Shields
 25282 | Lair:6   | Found a runed gate.
 25282 | Lair:6   | Noticed omil's ghost (journeyman DrWz)
 25431 | Lair:6   | Found a runed gate.
 25702 | Lair:6   | Found a large runed door.
 25710 | Lair:6   | Found a large runed door.
 25710 | Lair:6   | Noticed a fire dragon
 25816 | Lair:6   | Reached XP level 14. HP: 70/70 MP: 18/24
 25820 | Lair:6   | Reached skill level 10 in Slings
 25953 | Lair:6   | Received a gift from Okawaru
 26089 | Lair:6   | Received a gift from Okawaru
 26097 | Lair:6   | Got a faintly humming robe {god gift}
 26108 | Lair:6   | Identified the +0 robe of Poele {+Inv} (Okawaru gifted it to you on level 6 of the Lair of Beasts)
 26970 | D:10     | Upgraded the game from 0.22-a0-879-g615c57abe7 to 0.22-a0-897-g1b7a381375
 26981 | D:11     | Found Xesavyru's General Store.
 26984 | D:11     | Bought a +1 cloak of poison resistance for 216 gold pieces
 27300 | D:11     | Found Kigufo's General Store.
 27534 | D:11     | Found Goebo's Magic Scroll Shoppe.
 28535 | D:12     | Found a staircase to the Orcish Mines.
 28773 | D:12     | Reached skill level 1 in Ice Magic
 29332 | D:13     | Found a runed door.
 29804 | D:13     | Found a runed door.
 30118 | D:13     | Noticed Mirvelgyr's ghost (journeyman MiBe)
 30281 | D:13     | Received a gift from Okawaru
 30389 | D:13     | Received a gift from Okawaru
 30390 | D:13     | Got an ichor-stained demon whip {god gift}
 30391 | D:13     | Identified the +1 demon whip of War {elec, Fragile Int+3 SInv} (Okawaru gifted it to you on level 13 of the Dungeon)
 30470 | D:13     | You fall through a shaft for 2 floors!
 30470 | D:15     | Entered Level 15 of the Dungeon
 30713 | D:15     | Noticed Kirke
 30751 | D:15     | Killed Kirke
 30751 | D:15     | Received a gift from Okawaru
 30796 | D:15     | Got an ichor-stained rapier {god gift}
 30919 | D:15     | Gained mutation: You are clumsy. (Dex -2) [a shining eye]
 30921 | D:15     | Gained mutation: Your body sometimes deteriorates upon taking damage. [a shining eye]
 31021 | D:15     | Found Hiuc's Weapon Boutique.
 31087 | D:14     | Reached XP level 15. HP: 74/74 MP: 27/27
 31413 | D:13     | Identified the +2 rapier of the Hidden Vale {freeze, Int+7 Dex-4 SInv} (Okawaru gifted it to you on level 15 of the Dungeon)
 31478 | D:13     | Reached skill level 10 in Invocations
 31594 | D:13     | Received a gift from Okawaru
 31630 | D:13     | Found the +12 glaive of Prune {chop}
 31839 | D:13     | Killed Mirvelgyr's ghost
 32174 | D:13     | Reached skill level 16 in Stealth
 32339 | D:13     | Got a fine amethyst amulet
 32492 | D:11     | Bought a scroll of identify for 26 gold pieces
 32492 | D:11     | Bought a scroll of identify for 26 gold pieces
 32492 | D:11     | Identified the amulet of Laepn {Inacc rF+ SInv} (You found it on level 13 of the Dungeon)
 32818 | D:14     | Noticed Sonja
 32825 | D:14     | Killed Sonja
 33292 | D:14     | Found a gate to the Vaults.
 33989 | D:15     | Found a staircase to the Depths.
 34190 | D:15     | Noticed Louise
 34383 | D:15     | Noticed Agnes
 34471 | D:15     | Killed Agnes
 34668 | D:15     | Killed Louise
 34743 | D:15     | Learned a level 2 spell: Passwall
 34748 | D:15     | Learned a level 4 spell: Summon Lightning Spire
 34753 | D:15     | Learned a level 4 spell: Summon Ice Beast
 34863 | Orc:1    | Entered Level 1 of the Orcish Mines
 35087 | Orc:1    | Found Fevic's Assorted Antiques.
 35185 | Orc:1    | Noticed Erica
 35199 | Orc:1    | Killed Erica
 35342 | Orc:2    | Entered Level 2 of the Orcish Mines
 35386 | Orc:2    | Received a gift from Okawaru
 35403 | Orc:2    | Found Dualausuh's Food Boutique.
 35414 | Orc:2    | Found a staircase to the Elven Halls.
 36107 | Orc:2    | Reached skill level 1 in Armour
 36223 | Orc:2    | Reached skill level 17 in Stealth
 36382 | Orc:2    | Found a roughly hewn altar of Beogh.
 36405 | Orc:2    | Noticed Snorg
 36413 | Orc:2    | Killed Snorg
 36447 | Orc:2    | Found a bloodstained altar of Trog.
 36904 | Orc:2    | Reached XP level 16. HP: 76/81 MP: 26/30
 36957 | Orc:2    | Found Qiej's Food Shop.
 36957 | Orc:2    | Found Dyqous's Weapon Shoppe.
 36976 | Orc:2    | Found Dotzawan's Jewellery Shoppe.
 36976 | Orc:2    | Found Omesusk's Gadget Shop.
 37286 | D:5      | Bought a scroll of acquirement for 676 gold pieces
 37286 | D:5      | Bought a scroll of acquirement for 676 gold pieces
 37292 | D:5      | Got an ichor-stained robe
 37303 | D:5      | Identified the +1 robe "Ostrick" {*Slow rCorr Int+4} (You acquired it on level 5 of the Dungeon)
 37700 | Lair:6   | Killed omil's ghost
 37700 | Lair:6   | Reached skill level 10 in Spellcasting
 37700 | Lair:6   | Reached skill level 1 in Translocations
 37892 | Swamp:1  | Entered Level 1 of the Swamp
 38150 | Swamp:1  | Reached skill level 1 in Summonings
 38550 | Swamp:1  | Received a gift from Okawaru
 38912 | Swamp:1  | Got a shimmering lead amulet
 39216 | Swamp:2  | Received a gift from Okawaru
 39670 | Swamp:2  | Received a gift from Okawaru
 39686 | Swamp:2  | Reached skill level 18 in Stealth
 39953 | Swamp:2  | Noticed a thorn hunter
 40024 | Swamp:2  | Killed a thorn hunter
 40818 | Swamp:3  | Received a gift from Okawaru
 40826 | Swamp:3  | Noticed Roxanne
 40831 | Swamp:3  | Identified the amulet "Peaniox" {Gourm rN++} (You found it on level 1 of the Swamp)
 41814 | Swamp:4  | Entered Level 4 of the Swamp
 42808 | Swamp:4  | Reached skill level 5 in Translocations
 43241 | Swamp:4  | Received a gift from Okawaru
 43539 | Swamp:4  | Reached XP level 17. HP: 88/88 MP: 32/32
 43836 | Swamp:4  | Reached skill level 19 in Stealth
 43927 | Swamp:4  | Reached skill level 5 in Summonings
 44383 | Swamp:4  | Received a gift from Okawaru
 44454 | Swamp:4  | Received a gift from Okawaru
 44585 | Swamp:4  | Got a decaying rune of Zot
 44774 | Snake:1  | Entered Level 1 of the Snake Pit
 44786 | Snake:1  | Reached skill level 10 in Fighting
 45022 | Snake:1  | Received a gift from Okawaru
 45243 | Snake:1  | Found Ticusul's Weapon Shop.
 45262 | Snake:1  | Found Bezoig's General Store.
 45557 | Snake:1  | Found a runed door.
 45557 | Snake:1  | Noticed Rudiyha's ghost (adept MiBe)
 45828 | Snake:1  | Noticed Rupert
 46002 | Snake:1  | Killed Rupert
 46002 | Snake:1  | Reached skill level 20 in Stealth
 46216 | Snake:1  | Killed Rudiyha's ghost
 46216 | Snake:1  | Received a gift from Okawaru
 46305 | Snake:1  | Identified the +1 dagger "Hofri" {freeze, rF++ rN+++ MR- MP-9} (Okawaru gifted it to you on level 1 of the Snake Pit)
 46317 | Snake:2  | Noticed Asterion
 46435 | Snake:2  | Noticed Aizul
 46700 | Snake:1  | Killed Aizul
 46921 | Snake:2  | Received a gift from Okawaru
 47680 | Snake:1  | Upgraded the game from 0.22-a0-897-g1b7a381375 to 0.23-a0-8-gb809bb70e4
 48843 | Snake:2  | Killed Asterion
 49720 | Snake:3  | Received a gift from Okawaru
 49964 | Snake:3  | Reached XP level 18. HP: 95/95 MP: 33/33
 50083 | Snake:3  | Killed from afar by a nagaraja

Vault maps used:
D:1:      dpeg_arrival_leaves_temple_mockup, serial_glass, glass_columns_c,
          glass_columns_a, feat_on_display, minmay_strange_pillars,
          item_on_display_a
D:2:      minmay_diamond_boxcup
D:3:      nicolae_overflow_hidden_temple, old_standard_altar,
          chequers_ecumenical_altar_simple, uniq_sigmund, uniq_robin
D:4:      serial_shops, shop, first_ration, hangedman_decor_points
D:5:      kennysheep_windowed_halls, lemuel_coloured_pillars_altar,
          grunt_temple_overflow_open, serial_shops, kennysheep_mini_moat,
          kennysheep_generic_room_15, uniq_blork_the_orc, uniq_prince_ribbit1,
          uniq_menkaure
D:6:      serial_shops, shop_scrolls, serial_bayou_lake_a
D:7:      minmay_temple_entry_statues, enter_bailey_3, serial_shops,
          kennysheep_little_box, uniq_pikel
D:8:      basic_altar
D:9:      erik_lair_island, david_nohive_1
D:10:     serial_shops, nicolae_shop_behind_doors
D:11:     serial_shops, nicolae_shop_statue_plus, shop, shop,
          nicolae_straight_to_the_point
D:12:     zombieorc2_lemuel
D:13:     mludivico_vault, ebering_ghost_reflecting_pool,
          minmay_guarded_unrand_prune
D:14:     grunt_vaults_entry_fortified, serial_corexii_hall,
          corexii_hall_statues_deadend, corexii_hall_statues_l,
          corexii_hall_statues_x, corexii_hall_statues_l,
          corexii_hall_statues_x, corexii_hall_statues_s, uniq_sonja
D:15:     hangedman_depths_entry_try_elsewhere_first, grunt_decor_mini_mirrors,
          serial_shops, nicolae_shop_behind_doors, grunt_decor_fettered,
          uniq_kirke, uniq_louise, uniq_agnes
Lair:2:   minmay_snake_entry_guardpost_small, serial_bayou_pond_d,
          serial_bayou_pond_e, lemuel_fruit_fields
Lair:3:   minmay_swamp_entry_wisps, portal_ice_cave_demonic_guard,
          serial_bayou_pond_d, lemuel_oklob_altar, grunt_megastairs_4,
          serial_bayou_shore_b
Lair:4:   special_room, minmay_lair_oklob_chamber
Lair:5:   slime_altar_1, beast_lair_carwin_4, lemuel_fruit_fields, uniq_nessos
Lair:6:   cheibrodos_lair_end_hotspot, ebering_ghost_rock_garden,
          infiniplex_staircase_pool
Swamp:1:  evilmike_swamp_ruin_house_4, swamp_pool5, roderic_carrion_pond
Swamp:2:  nicolae_swamp_very_dense_foliage, swamp_pool1
Swamp:3:  evilmike_swamp_ruin_house_2, uniq_roxanne
Swamp:4:  swamp_vile, swamp_pool4
Snake:1:  ebering_ghost_inner_flame, grunt_ministairs_6, minmay_shoptagon,
          lemuel_fruit_tree, uniq_rupert, uniq_aizul
Snake:2:  stair_cage_open, uniq_asterion
Snake:3:  evilmike_ambush
Orc:1:    serial_shops, shop, uniq_erica
Orc:2:    grunt_orc_tribal_feast, serial_shops, nicolae_shop_window_shopping,
          special_room, hangedman_feature_mirror, mines3_lemuel, uniq_snorg
Bailey:   bailey_axe_of_yendor_kennysheep, bailey

Skill      XL: |  1  2  3  4  5  6  7  8  9 10 11 12 13 14 15 16 17 |
---------------+----------------------------------------------------+-----
Short Blades   | 2 4 5 8 9 10 | 10.0
Stealth        | 5 6 7 8 11 13 14 15 17 18 20 | 20.4
Spellcasting   | 3 4 5 6 7 9 10 | 10.0
Hexes          | 4 8 9 10 12 | 12.7
Fighting       | 3 4 5 6 8 9 10 | 10.4
Dodging        | 9 11 13 14 15 | 15.2
Slings         | 1 4 6 9 11 12 | 12.0
Invocations    | 3 5 8 9 10 | 10.0
Shields        | 2 5 6 7 |  7.2
Ice Magic      | 1 |  1.2
Armour         | 1 4 |  4.7
Translocations | 6 |  6.0
Summonings     | 4 7 |  7.9

Action                   |  1- 3 |  4- 6 |  7- 9 | 10-12 | 13-15 | 16-18 || total
-------------------------+-------+-------+-------+-------+-------+-------++-------
Melee: Dagger            |   108 |   159 |   236 |    67 |    55 |       ||   625
       Hunting sling     |       |       |     2 |       |       |       ||     2
       Long sword        |       |       |       |       |    24 |       ||    24
       Scimitar          |       |       |       |       |     9 |       ||     9
       Rapier            |       |       |       |       |     1 |       ||     1
       Quick blade       |       |       |       |       |       |   632 ||   632
 Fire: Hunting sling     |       |       |    61 |   906 |  2134 |  1558 ||  4659
       Blowgun           |       |       |       |       |       |    17 ||    17
 Cast: Corona            |     3 |       |       |       |       |       ||     3
       Ensorcelled Hiber |    20 |    38 |    69 |     9 |     1 |    29 ||   166
       Confuse           |       |     6 |    28 |    37 |    69 |    78 ||   218
       Tukima's Dance    |       |     2 |     7 |     7 |    21 |    21 ||    58
       Invisibility      |       |       |       |     2 |     4 |     6 ||    12
       Dazzling Spray    |       |       |       |       |     1 |     4 ||     5
       Apportation       |       |       |       |       |       |    14 ||    14
Invok: Heroism           |       |       |       |       |     2 |    10 ||    12
       Finesse           |       |       |       |       |     1 |     3 ||     4
Evoke: Wand              |       |       |       |       |     1 |       ||     1
       Phantom mirror    |       |       |       |       |       |     1 ||     1
  Use: Scroll            |       |     9 |     9 |    10 |    13 |    18 ||    59
       Potion            |       |       |       |     1 |     1 |     3 ||     5
 Stab: Sleeping          |    21 |    35 |    45 |    17 |     4 |     7 ||   129
       Distracted        |     1 |       |       |       |       |     1 ||     2
       Confused          |       |     2 |    12 |     5 |     7 |    29 ||    55
       Invisible         |       |       |       |       |     5 |    33 ||    38
  Eat: Ration            |       |     4 |     5 |     7 |     7 |     8 ||    31
Armor: Robe              |     9 |     3 |     7 |    16 |    15 |       ||    50
       Troll leather arm |       |       |       |       |    10 |    35 ||    45
       Swamp dragon scal |       |       |       |       |       |   115 ||   115
Dodge: Dodged            |    77 |    82 |   145 |   419 |   292 |   590 ||  1605
Block: Buckler           |    24 |    28 |    44 |    83 |    99 |   253 ||   531

Table legend:
 A = Spawn XP
 B = Non-spawn XP
 C = Spawn XP percentage of total XP
 D = Spawn monster count
 E = Non-spawn monster count
 F = Spawn count percentage of total count
 G = Total turns spent on level
                    A         B        C        D         E        F      G
               +---------+---------+-------+---------+---------+-------+---------
         Total |       0 |  294634 |   0.0 |       0 |    1118 |   0.0 | 50083
               +---------+---------+-------+---------+---------+-------+---------
           D:1 |       0 |      27 |   0.0 |       0 |      14 |   0.0 |  1370
           D:2 |       0 |     132 |   0.0 |       0 |      27 |   0.0 |  1888
           D:3 |       0 |     353 |   0.0 |       0 |      40 |   0.0 |  1836
           D:4 |       0 |     350 |   0.0 |       0 |      15 |   0.0 |  1413
           D:5 |       0 |    2537 |   0.0 |       0 |      45 |   0.0 |  2708
           D:6 |       0 |    1228 |   0.0 |       0 |      27 |   0.0 |  1309
           D:7 |       0 |    1201 |   0.0 |       0 |       8 |   0.0 |   866
           D:8 |       0 |     701 |   0.0 |       0 |      16 |   0.0 |  1147
           D:9 |       0 |    4901 |   0.0 |       0 |      54 |   0.0 |  2288
          D:10 |       0 |    4935 |   0.0 |       0 |      35 |   0.0 |  1402
          D:11 |       0 |    2745 |   0.0 |       0 |      27 |   0.0 |  1186
          D:12 |       0 |    3491 |   0.0 |       0 |      67 |   0.0 |  1420
          D:13 |       0 |   22323 |   0.0 |       0 |      66 |   0.0 |  2420
          D:14 |       0 |   21008 |   0.0 |       0 |      48 |   0.0 |  1784
          D:15 |       0 |   19265 |   0.0 |       0 |      44 |   0.0 |  1325
        Lair:1 |       0 |    2606 |   0.0 |       0 |      12 |   0.0 |   869
        Lair:2 |       0 |    5502 |   0.0 |       0 |      17 |   0.0 |  1597
        Lair:3 |       0 |    9786 |   0.0 |       0 |      42 |   0.0 |  2379
        Lair:4 |       0 |    7757 |   0.0 |       0 |      41 |   0.0 |  1802
        Lair:5 |       0 |    7599 |   0.0 |       0 |      29 |   0.0 |  1153
        Lair:6 |       0 |   21105 |   0.0 |       0 |      57 |   0.0 |  2169
       Swamp:1 |       0 |   17609 |   0.0 |       0 |      39 |   0.0 |  1208
       Swamp:2 |       0 |    9104 |   0.0 |       0 |      19 |   0.0 |  1399
       Swamp:3 |       0 |   13039 |   0.0 |       0 |      31 |   0.0 |  1709
       Swamp:4 |       0 |   38043 |   0.0 |       0 |      72 |   0.0 |  2500
       Snake:1 |       0 |   27442 |   0.0 |       0 |      43 |   0.0 |  2465
       Snake:2 |       0 |   16285 |   0.0 |       0 |      28 |   0.0 |  2119
       Snake:3 |       0 |   14837 |   0.0 |       0 |      29 |   0.0 |   442
         Orc:1 |       0 |    3750 |   0.0 |       0 |      27 |   0.0 |   530
         Orc:2 |       0 |   11521 |   0.0 |       0 |      56 |   0.0 |  1653
        Bailey |       0 |    3452 |   0.0 |       0 |      43 |   0.0 |  1727
               +---------+---------+-------+---------+---------+-------+---------
